 Dungeon Crawl Stone Soup version 0.23-b1-51-gfe822ef6ca (webtiles) character file.

Game seed: 578915408760463980

2579 Ihlosi the Cudgeler (level 9, -9/54 (55) HPs)
             Began as a Kobold Fighter on Feb 3, 2019.
             Was an Initiate of the Shining One.
             Killed from afar by a deep elf mage (18 damage)
             ... with a bolt of negative energy
             ... in a bailey.
             The game lasted 00:18:36 (9367 turns).

Ihlosi the Cudgeler (Kobold Fighter)                Turns: 9367, Time: 00:18:37

HP:   -9/54 (55)    AC: 10    Str: 16    XL:     9   Next: 88%
MP:   9/9           EV: 12    Int:  9    God:    the Shining One [......]
Gold: 347           SH: 10    Dex: 17    Spells: 8/8 levels left

rFire    . . .     SeeInvis .   a - +5 morningstar
rCold    . . .     Gourm    .   c - +0 shield
rNeg     + . .     Faith    .   b - +0 scale mail
rPois    .         Spirit   .   w - +1 helmet
rElec    .         Reflect  .   (no cloak)
rCorr    .         Harm     .   p - +0 pair of gloves
MR       .....                  (no boots)
Stlth    ..........             (no amulet)
HPRegen  0.18/turn              s - ring of positive energy
MPRegen  0.11/turn              y - +2 ring of dexterity

@: glowing, lightly drained
A: small, carnivore
a: Renounce Religion


You were in a bailey.
You worshipped the Shining One.
The Shining One was noncommittal.
You were not hungry.

You visited 2 branches of the dungeon, and saw 9 of its levels.
You also visited: Bailey.

You collected 347 gold pieces.

Inventory:

Hand Weapons
 a - a +5 morningstar (weapon)
 v - a +1 dagger of venom
 D - a +0 blowgun
Missiles
 o - 58 bolts
 r - 37 poisoned needles
 B - a throwing net (quivered)
Armour
 b - a +0 scale mail (worn)
 c - a +0 shield (worn)
 p - a +0 pair of gloves (worn)
 w - a +1 helmet (worn)
Jewellery
 h - an uncursed ring of wizardry
 s - a ring of positive energy (left hand)
 y - a +2 ring of dexterity (right hand)
 z - an uncursed ring of flight
Scrolls
 e - a scroll of blinking
 g - 2 scrolls of identify
 j - 5 scrolls of remove curse
 n - a scroll of amnesia
 t - 7 scrolls of teleportation
Potions
 k - 4 potions of flight
 q - a potion of brilliance
 x - a potion of lignification
 E - a potion of resistance
Comestibles
 f - 12 rations


   Skills:
 * Level 5.9(5.5) Fighting
 * Level 7.5(7.2) Maces & Flails
 * Level 5.4(5.1) Armour
 * Level 4.7(4.3) Dodging
 * Level 4.9(4.5) Shields


You had 8 spell levels left.
You didn't know any spells.
Your spell library was empty.

Dungeon Overview and Level Annotations

Branches:
Dungeon (8/15)             Temple (1/1) D:5
   Lair: D:8-11

Altars:
Ashenzari
Cheibriados
Dithmenos
Elyvilon
Fedhas
Hepliaklqana
Kikubaaqudgha
Makhleb
Nemelex Xobeh
Okawaru
Qazlal
Ru
Sif Muna
Uskayaw
Vehumet
Xom
Yredelemnul
Zin
The Shining One

Shops:
D:6 :

Annotations:
D:6 Sigmund
D:7 5 runed translucent doors


Innate Abilities, Weirdness & Mutations

You are small and have problems with some larger weapons.
You are carnivorous and can eat meat at any time.


Message History

The lance of force hits you!
You are knocked back by the lance of force.
You aren't carrying any items that you can evoke.
Okay, then.
The deep elf mage gestures wildly while chanting.
The deep elf mage blinks!
You completely miss the deep elf mage.
The deep elf mage is almost dead.
The deep elf mage gestures at you while chanting.
The magic dart hits you!
* * * LOW HITPOINT WARNING * * *
The deep elf mage closely misses you.
You puncture the deep elf mage!
You kill the deep elf mage!
The deep elf mage casts a spell at you. The bolt of lightning misses you.
The deep elf mage mumbles some strange words.
The deep elf mage gestures at you while chanting.
You partially resist.
You feel drained. The bolt of negative energy hits you!!
You die...

.### ###.
##...# #...##
#..... .....#
#...s. .....#
#..3ss .....#
#..se#....#
#e#####
#..§.#)e..##
#.....#.@...#
#.....#..∩..#
#...e.#.....#
##...###)..###
.######'##..##
.e
##...##....#
#.....#....#
#..∩..##..##
##...######


You could see 3 deep elf magi, a ynoxinul, 2 jumping spiders and 2 redbacks.

Vanquished Creatures
  2 deep elf magi (Bailey)
  Grinder (D:5)
  A spriggan (D:7)
  Eustachio (D:4)
  Duvessa (D:5)
  An orc warrior (D:6)
  2 ogres (D:5)
  A phantom (D:4)
  A necrophage (D:7)
  A centaur (D:5)
  A big kobold (D:7)
  Dowan (D:5)
  A scorpion (D:6)
  A hound (D:4)
  An orc wizard (D:2)
  A quasit (D:6)
  A bullfrog skeleton (D:4)
  An iguana (D:6)
  5 worker ants
  Robin (D:3)
  12 adders
  A shadow imp (D:6)
  An ooze (D:1)
  4 worms
  3 dart slugs
  2 leopard geckos
  11 orcs
  4 giant cockroaches
  23 goblins
  10 hobgoblins
  2 jackals (D:2)
  2 quokkas
  A ball python (D:3)
  14 bats
  4 frilled lizards
  A jackal skeleton (D:6)
  A jackal zombie (D:6)
  16 kobolds
  4 rats
142 creatures vanquished.

Vanquished Creatures (others)
  5 dream sheep (D:6)
5 creatures vanquished.

Grand Total: 147 creatures vanquished

Notes
Turn   | Place    | Note
-------+----------+-------------------------------------------
     0 | D:1      | Ihlosi the Kobold Fighter began the quest for the Orb.
     0 | D:1      | Reached XP level 1. HP: 14/14 MP: 1/1
    47 | D:1      | Reached XP level 2. HP: 19/19 MP: 2/2
   219 | D:1      | Reached skill level 2 in Maces & Flails
   350 | D:1      | Reached XP level 3. HP: 23/23 MP: 3/3
  1059 | D:2      | Reached XP level 4. HP: 20/28 MP: 4/4
  1314 | D:2      | Reached skill level 1 in Dodging
  1654 | D:2      | Reached XP level 5. HP: 17/33 MP: 5/5
  1669 | D:2      | Reached skill level 3 in Maces & Flails
  2835 | D:3      | Reached XP level 6. HP: 27/38 MP: 6/6
  3773 | D:3      | Noticed Robin
  3796 | D:3      | Killed Robin
  3881 | D:4      | Noticed a phantom
  4152 | D:4      | Noticed Eustachio
  4160 | D:4      | Killed Eustachio
  4160 | D:4      | Reached skill level 4 in Maces & Flails
  4160 | D:4      | Reached XP level 7. HP: 43/43 MP: 7/7
  5002 | D:5      | Entered Level 5 of the Dungeon
  5023 | D:5      | Found a staircase to the Ecumenical Temple.
  5554 | D:5      | Noticed Grinder
  5565 | D:6      | Noticed Sigmund
  5580 | D:5      | Killed Grinder
  5580 | D:5      | Reached skill level 5 in Maces & Flails
  5580 | D:5      | Reached XP level 8. HP: 30/48 MP: 8/8
  5751 | D:5      | Noticed Duvessa
  5752 | D:5      | Noticed Dowan
  5766 | D:5      | Killed Duvessa
  5794 | D:5      | Killed Dowan
  6244 | D:6      | Found Pial's Book Boutique.
  6446 | D:6      | Found a burning altar of Makhleb.
  6446 | D:6      | Found an iron altar of Okawaru.
  6838 | D:5      | Reached skill level 6 in Maces & Flails
  7024 | Temple   | Entered the Ecumenical Temple
  7173 | Temple   | Became a worshipper of the Shining One
  7268 | D:6      | Found a snail-covered altar of Cheibriados.
  7329 | D:6      | Noticed a dream sheep
  7329 | D:6      | Noticed a dream sheep
  7329 | D:6      | Noticed a dream sheep
  7329 | D:6      | Noticed a dream sheep
  7329 | D:6      | Noticed a dream sheep
  7329 | D:6      | Found a shimmering altar of Xom.
  7334 | D:6      | Killed a dream sheep
  7334 | D:6      | Killed a dream sheep
  7334 | D:6      | Killed a dream sheep
  7336 | D:6      | Killed a dream sheep
  7336 | D:6      | Killed a dream sheep
  7511 | D:7      | Found the +9 staff of Olgreb {rPois}
  7514 | D:7      | Found a runed translucent door.
  7551 | D:7      | Reached skill level 5 in Fighting
  7554 | D:7      | Reached XP level 9. HP: 22/54 MP: 9/9
  7804 | D:7      | Found a runed translucent gate.
  7804 | D:7      | Found a runed translucent gate.
  7805 | D:7      | Found a runed translucent door.
  7816 | D:7      | Found a runed translucent gate.
  8646 | D:7      | Reached skill level 5 in Armour
  8982 | D:8      | Found a flagged portal.
  9027 | Bailey   | Entered a bailey
  9032 | Bailey   | Noticed a deep elf mage
  9045 | Bailey   | Killed a deep elf mage
  9045 | Bailey   | Reached skill level 7 in Maces & Flails
  9355 | Bailey   | Noticed a deep elf mage
  9356 | Bailey   | Noticed a deep elf mage
  9356 | Bailey   | Noticed a deep elf mage
  9356 | Bailey   | Noticed a deep elf mage
  9356 | Bailey   | Noticed a deep elf mage
  9356 | Bailey   | Noticed a deep elf mage
  9360 | Bailey   | Noticed a jumping spider
  9360 | Bailey   | Noticed a jumping spider
  9364 | Bailey   | Noticed a hellwing
  9367 | Bailey   | Killed a deep elf mage
  9367 | Bailey   | Killed from afar by a deep elf mage

Skill      XL: |  1  2  3  4  5  6  7  8  9 |
---------------+----------------------------+-----
Maces & Flails | 2 3 4 5 6 7 |  7.5
Dodging        | 1 2 3 4 |  4.7
Armour         | 3 4 5 |  5.4
Shields        | 3 4 |  4.9
Fighting       | 4 5 |  5.9

Action                   |  1- 3 |  4- 6 |  7- 9 || total
-------------------------+-------+-------+-------++-------
Melee: Flail             |   107 |   338 |   177 ||   622
       Morningstar       |       |       |    58 ||    58
  Use: Potion            |       |     3 |     6 ||     9
       Scroll            |       |     1 |    19 ||    20
  Eat: Chunk             |     8 |    12 |    11 ||    31
Armor: Scale mail        |    45 |   123 |    81 ||   249
Dodge: Dodged            |    48 |   129 |    96 ||   273
Block: Shield            |    66 |   211 |   134 ||   411
